 Dungeon Crawl Stone Soup version 0.22-a0-877-g5c4e1af (webtiles) character file.

1511 KristoblXynda the Sneak (level 8, -2/93 HPs)
             Began as a Naga Gladiator on July 29, 2018.
             Slain by an orc warrior
             ... wielding a +0 trident
              (4 damage)
             ... on level 6 of the Dungeon.
             The game lasted 00:12:03 (5015 turns).

KristoblXynda the Sneak (Naga Gladiator)            Turns: 5015, Time: 00:12:05

Health: -2/93      AC: 11    Str: 21    XL:     8   Next: 83%
Magic:  8/8        EV: 11    Int: 11    God:
Gold:   188        SH:  0    Dex: 13    Spells: 7/7 levels left

rFire    . . .     SeeInvis +   a - +1 flail
rCold    . . .     Gourm    .   (no shield)
rNeg     . . .     Faith    .   p - +0 ring mail
rPois    +         Spirit   .   c - +1 helmet
rElec    .         Reflect  .   l - +0 cloak
rCorr    +         Harm     .   i - +1 pair of gloves
MR       ++...                  (no barding)
Stlth    ..........             (no amulet)
HPRegen  0.25/turn              e - ring of protection from magic
MPRegen  0.11/turn              t - ring of resist corrosion

@: berserking, drained, quick
A: large, see invisible, deformed body, frail 1, poison resistance, slowness 2,
slow metabolism 1, spit poison 1, wild magic 1, AC +2
a: Spit Poison


You were on level 6 of the Dungeon.
You were not hungry.

You visited 1 branch of the dungeon, and saw 6 of its levels.
You also visited: Sewer.

You collected 188 gold pieces.

Inventory:

Hand Weapons
 a - a +1 flail (weapon)
Missiles
 d - 4 throwing nets (quivered)
 y - 7 javelins of returning
Armour
 c - a +1 helmet (worn)
 i - a +1 pair of gloves (worn)
 l - a +0 cloak (worn)
 p - a +0 ring mail (worn)
Jewellery
 e - a ring of protection from magic (left hand)
 t - a ring of resist corrosion (right hand)
Wands
 g - a wand of scattershot (6)
 w - a wand of digging (16)
Scrolls
 h - 2 scrolls of amnesia
 k - 2 scrolls of fear
 o - a scroll of identify
 q - a scroll of noise {unknown}
 r - 3 scrolls of teleportation
 s - a scroll of enchant armour
 v - a scroll of remove curse
Potions
 b - a potion of lignification {unknown}
 j - 2 potions of haste
 m - a potion of might {unknown}
 n - a potion of brilliance
 u - a potion of berserk rage
 x - a potion of curing
Comestibles
 f - 7 rations


   Skills:
 - Level 3.1(2.4) Fighting
 + Level 6.2(5.5) Maces & Flails
 - Level 2.0(1.3) Throwing
 + Level 3.9(3.2) Armour
 - Level 5.0(4.3) Dodging
 + Level 7.2(6.4) Stealth
 + Level 0.6(0.0) Evocations


You had 7 spell levels left.
You didn't know any spells.
Your spell library was empty.

Dungeon Overview and Level Annotations

Branches:
Dungeon (6/15)
 Temple: D:4-7

Altars:
Ashenzari
Elyvilon
Fedhas
Kikubaaqudgha
Makhleb
Vehumet
Xom
The Shining One


Innate Abilities, Weirdness & Mutations

You cannot wear boots.
Your serpentine skin is tough. (AC +2)
You have supernaturally acute eyesight. (SInv)
Armour fits poorly on your strangely shaped body.
Your system is resistant to poisons. (rPois)
You cover ground very slowly.
You have a slow metabolism.
You can spit poison.
You are frail. (-10% HP)
Your spells are a little harder to cast, but a little more powerful.


Message History

The orc hits you but does no damage.
You feel drained.
The orc warrior hits you with a trident!
* * * LOW HITPOINT WARNING * * *
The howler monkey skeleton hits you.
* * * LOW HITPOINT WARNING * * *
You barely miss the orc warrior.
The orc warrior is heavily wounded.
The orc barely misses you.
The howler monkey skeleton barely misses you.
The orc warrior barely misses you.
You hit the orc warrior but do no damage.
The orc warrior is moderately wounded.
The orc closely misses you.
You hit the orc warrior.
The orc warrior is heavily wounded.
The orc hits you but does no damage.
You feel drained. The howler monkey skeleton hits you.
* * * LOW HITPOINT WARNING * * *
The orc warrior hits you with a trident.
You die...

#############
............#
.......)....#
....(..(.o..####
........@o.....###
.......(Zo........
.....######....#..
..... ....# ....
.(..# ### ....#
...... ....#o.
Z...#..


You could see an orc warrior, 2 orcs and a howler monkey skeleton.

Vanquished Creatures
  Grinder (D:5)
  Eustachio (D:5)
  An ice beast (D:5)
  A phantom (D:5)
  2 ogres (D:5)
  A centaur (D:6)
  2 bullfrogs (Sewer)
  A scorpion (D:4)
  A crimson imp (D:5)
  An orc priest (D:5)
  A centaur skeleton (D:3)
  A bullfrog skeleton (D:5)
  2 hounds (D:5)
  An orc wizard (D:3)
  An iguana (D:4)
  4 worker ants
  Robin (D:3)
  8 adders
  An ooze (D:3)
  4 dart slugs
  10 leopard geckos
  10 orcs
  A ball python (D:1)
  6 bats
  5 giant cockroaches
  17 goblins
  15 hobgoblins
  15 jackals
  A quokka (D:2)
  A ball python skeleton (D:4)
  9 frilled lizards
  A jackal skeleton (D:4)
  13 kobolds
  A leopard gecko zombie (D:5)
  8 rats
149 creatures vanquished.

Notes
Turn   | Place    | Note
-------+----------+-------------------------------------------
     0 | D:1      | KristoblXynda the Naga Gladiator began the quest for the Orb.
     0 | D:1      | Reached XP level 1. HP: 19/19 MP: 1/1
    47 | D:1      | Reached XP level 2. HP: 22/26 MP: 2/2
   382 | D:1      | Reached XP level 3. HP: 29/32 MP: 3/3
  1031 | D:2      | Reached XP level 4. HP: 35/40 MP: 4/4
  1648 | D:3      | Gained mutation: Your magical capacity is low. (-10% MP) [potion of mutation]
  1648 | D:3      | Gained mutation: You are weak. (Str -2) [potion of mutation]
  1648 | D:3      | Lost mutation: You are weak. (Str -2) [potion of mutation]
  1656 | D:3      | Reached XP level 5. HP: 14/49 MP: 4/4
  1666 | D:3      | Lost mutation: Your magical capacity is low. (-10% MP) [potion of mutation]
  1666 | D:3      | Gained mutation: You are frail. (-10% HP) [potion of mutation]
  1666 | D:3      | Gained mutation: Your spells are a little harder to cast, but a little more powerful. [potion of mutation]
  1693 | D:3      | Reached skill level 1 in Armour
  1829 | D:3      | Found a glowing drain.
  1833 | Sewer    | Entered a sewer
  2291 | Sewer    | Reached skill level 1 in Stealth
  2291 | Sewer    | Reached XP level 6. HP: 19/50 MP: 6/6
  2294 | Sewer    | Reached skill level 2 in Stealth
  2530 | D:3      | Found a shattered altar of Ashenzari.
  2567 | D:3      | Found a burning altar of Makhleb.
  2575 | D:3      | Found an ancient bone altar of Kikubaaqudgha.
  2575 | D:3      | Noticed Robin
  2602 | D:3      | Killed Robin
  2617 | D:3      | Reached skill level 3 in Stealth
  2619 | D:3      | Found a radiant altar of Vehumet.
  2619 | D:3      | Found a blossoming altar of Fedhas.
  2619 | D:3      | Found a glowing golden altar of the Shining One.
  3054 | D:4      | Reached XP level 7. HP: 51/55 MP: 7/7
  3078 | D:4      | Found a white marble altar of Elyvilon.
  3167 | D:4      | Reached skill level 4 in Stealth
  3607 | D:5      | Entered Level 5 of the Dungeon
  3622 | D:5      | Found a shimmering altar of Xom.
  3624 | D:5      | Noticed Grinder
  3651 | D:5      | Killed Grinder
  3651 | D:5      | Reached skill level 5 in Maces & Flails
  3711 | D:5      | Reached skill level 5 in Stealth
  3729 | D:5      | Reached XP level 8. HP: 20/62 MP: 8/8
  3984 | D:5      | Noticed Eustachio
  4017 | D:5      | Killed Eustachio
  4017 | D:5      | Reached skill level 6 in Stealth
  4675 | D:5      | Reached skill level 5 in Dodging
  4677 | D:5      | Reached skill level 7 in Stealth
  5012 | D:6      | HP: 3/93 [howler monkey skeleton (3)]
  5015 | D:6      | Slain by an orc warrior

Vault maps used:
D:1:      tarquinn_simple_flora_water_b
D:3:      grunt_temple_overflow_open, nicolae_overflow_crystal_walls,
          gup_sewer_entry_bowl, uniq_robin
D:4:      lemuel_doored_altar, first_ration
D:5:      xom_teletrap_fun, uniq_grinder, uniq_eustachio
D:6:      kennysheep_mini_moat, uniq_sigmund, uniq_prince_ribbit1
Sewer:    sewer_frog_island_01

Skill      XL: |  1  2  3  4  5  6  7  8 |
---------------+-------------------------+-----
Throwing       | 2 |  2.0
Dodging        | 3 4 5 |  5.0
Fighting       | 3 |  3.1
Maces & Flails | 4 5 6 |  6.2
Armour         | 1 2 3 |  3.9
Stealth        | 1 3 5 7 |  7.2
Evocations     | |  0.6

Action                   |  1- 3 |  4- 6 |  7- 9 || total
-------------------------+-------+-------+-------++-------
Melee: Flail             |   129 |   212 |   156 ||   497
Throw: Throwing net      |       |     1 |       ||     1
 Abil: Spit Poison       |     7 |    15 |    11 ||    33
Evoke: Wand              |       |       |     1 ||     1
  Use: Scroll            |     4 |     5 |     2 ||    11
       Potion            |       |     6 |     4 ||    10
 Stab: Sleeping          |       |     3 |     1 ||     4
  Eat: Chunk             |       |     7 |     2 ||     9
       Ration            |       |       |     1 ||     1
Armor: Leather armour    |    39 |    82 |       ||   121
       Ring mail         |       |     7 |    82 ||    89
Dodge: Dodged            |   100 |   158 |    93 ||   351

Table legend:
 A = Spawn XP
 B = Non-spawn XP
 C = Spawn XP percentage of total XP
 D = Spawn monster count
 E = Non-spawn monster count
 F = Spawn count percentage of total count
 G = Total turns spent on level
                    A         B        C        D         E        F      G
               +---------+---------+-------+---------+---------+-------+---------
         Total |       0 |    2159 |   0.0 |       0 |     149 |   0.0 |  5015
               +---------+---------+-------+---------+---------+-------+---------
           D:1 |       0 |      41 |   0.0 |       0 |      23 |   0.0 |   603
           D:2 |       0 |     100 |   0.0 |       0 |      30 |   0.0 |   999
           D:3 |       0 |     221 |   0.0 |       0 |      49 |   0.0 |   667
           D:4 |       0 |     230 |   0.0 |       0 |      10 |   0.0 |   676
           D:5 |       0 |    1249 |   0.0 |       0 |      18 |   0.0 |  1375
           D:6 |       0 |     111 |   0.0 |       0 |       2 |   0.0 |    33
         Sewer |       0 |     207 |   0.0 |       0 |      17 |   0.0 |   662
               +---------+---------+-------+---------+---------+-------+---------
